 Dungeon Crawl Stone Soup version 0.15-a0-809-g8e1b895 (webtiles) character file.

164 4tharraofdagon the Changer (level 5, -10/29 HPs)
             Began as a Kobold Transmuter on May 14, 2014.
             Was an Initiate of Ashenzari.
             Mangled by an ogre
             ... wielding a +0,+0 giant spiked club
              (31 damage)
             ... on Level 7 of the Dungeon.
             The game lasted 00:08:08 (1236 turns).

4tharraofdagon the Changer (Kobold Transmuter)      Turns: 1236, Time: 00:08:09

HP -10/29        AC  2     Str 10      XL: 5   Next: 73%
MP   6/9         EV 21     Int 11      God: Ashenzari [......]
Gold 98          SH  0     Dex 21      Spells:  2 memorised,  4 levels left

rFire  . . .     SeeInvis .       - Unarmed
rCold  . . .     Clarity  .     c - melded +0 robe
rNeg   . . .     Conserve .     (shield currently unavailable)
rPois  x         rCorr    .     p - melded +0 helmet
rElec  .         rRot     .     (cloak currently unavailable)
SustAb . .       Spirit   .     (gloves currently unavailable)
rMut   .         Warding  .     (boots currently unavailable)
Gourm  .         Stasis   .     (no amulet)
MR     .....                    (no ring)
                                (no ring)

@: spider-form (expiring), quick, not resistant to hostile enchantments,
unstealthy
A: disease resistance, carnivore 3
a: End Transformation, Renounce Religion


You were on level 7 of the Dungeon.
You worshipped Ashenzari.
Ashenzari was noncommittal.
You were very full.
You were in spider-form.
You visited 1 branch of the dungeon, and saw 7 of its levels.

You collected 98 gold pieces.

Inventory:

Missiles
 b - 12 arrows
 r - 7 tomahawks of returning (quivered)
Armour
 c - a +0 robe (melded)
 p - a +0 helmet (melded)
Magical devices
 l - a wand of paralysis (18)
 t - a wand of polymorph (10)
Comestibles
 a - a meat ration
 s - a beef jerky
Scrolls
 e - 2 scrolls of fear {unknown}
 f - a scroll of amnesia {unknown}
 g - 3 scrolls of identify {unknown}
 h - 3 scrolls of remove curse
 i - 2 scrolls of magic mapping {unknown}
 k - 2 scrolls of noise {unknown}
 n - 2 scrolls of teleportation {unknown}
 q - a scroll of recharging {unknown}
 u - a scroll of random uselessness {unknown}
Potions
 j - a potion of haste
 m - a potion of brilliance
 o - a potion of curing
Books
 d - a book of Changes

   Spells                             Type                      Level
   *Beastly Appendage                 Transmutation                1
   Sticks to Snakes                   Transmutation                2
   *Spider Form                       Transmutation/Poison         3
   Ice Form                           Ice/Transmutation            4
   Blade Hands                        Transmutation                5


   Skills:
 + Level 1.3 Fighting
 + Level 2.5 Dodging
 * Level 3.4 Unarmed Combat
 + Level 2.1 Spellcasting
 + Level 4.5 Transmutations


You had 4 spell levels left.
You knew the following spells:

 Your Spells              Type           Power        Failure   Level  Hunger
a - Beastly Appendage     Trmt           ##....       14%         1    ##.....
b - Spider Form           Trmt/Pois      #.........   61%         3    ####...


Dungeon Overview and Level Annotations

Branches:
Dungeon (7/15)
 Temple: D:4-7

Altars:
Ashenzari
Dithmenos
Elyvilon
Fedhas
Kikubaaqudgha
Trog
Vehumet
The Shining One

Annotations:
D:2 Terence
D:4 Herrn's ghost, experienced MiWn


Innate Abilities, Weirdness & Mutations

You recuperate from illness quickly.
You are small and have problems with some larger weapons.
You are carnivorous and can eat meat at any time.


Message History

There is a stone staircase leading up here.
Casting: Spider Form
Confirm with . or Enter, or press ? or * to list all spells.
You turn into a venomous arachnid creature.
Your +0 helmet melds into your body.
Your +0 robe melds into your body.
A worm comes into view.
You hit the ogre.
The ogre is moderately wounded.
The ogre barely misses you.
You hit the ogre.
The ogre is poisoned.
The ogre is moderately wounded.
The ogre barely misses you.
You hit the ogre.
The ogre looks even sicker.
The ogre is moderately wounded.
You hit the ogre.
The ogre is heavily wounded.
Your transformation is almost over.
The ogre hits you with a giant spiked club!
Ouch! That really hurt!
You die...

#.# #.# #.# #.#
#.# ##.########
#.........#
#..######<# #..#
#s# ## #..######O#
#..b###.%....##.#
#...h..........
....##............
# #.#$.#####....
#.#..# ##.#w
#.#..# #.#.#
#.#... ..#


You could see a worm and an ogre.

Vanquished Creatures
  A sky beast (D:5)
  An iguana (D:7)
  An adder (D:6)
  3 giant geckos
  An ooze (D:3)
  5 orcs
  A bat (D:3)
  4 giant cockroaches
  2 goblins
  A hobgoblin (D:3)
  3 kobolds (D:3)
  A giant newt (D:5)
  4 jackals
  A jackal skeleton (D:6)
  3 rats
32 creatures vanquished.

Notes
Turn   | Place    | Note
--------------------------------------------------------------
     0 | D:1      | 4tharraofdagon, the Kobold Transmuter, began the quest for the Orb.
     0 | D:1      | Reached XP level 1. HP: 12/12 MP: 3/3
     7 | D:2      | Noticed Terence
    47 | D:3      | Found a white marble altar of Elyvilon.
   106 | D:3      | Reached XP level 2. HP: 12/16 MP: 2/4
   152 | D:3      | Found a blossoming altar of Fedhas.
   239 | D:3      | Found a shattered altar of Ashenzari.
   242 | D:3      | Found an ancient bone altar of Kikubaaqudgha.
   242 | D:3      | Found a glowing golden altar of the Shining One.
   243 | D:3      | Found a blossoming altar of Fedhas.
   244 | D:3      | Found a radiant altar of Vehumet.
   247 | D:3      | Found a shadowy altar of Dithmenos.
   270 | D:3      | Became a worshipper of Ashenzari the Shackled
   343 | D:4      | Reached XP level 3. HP: 13/20 MP: 6/6
   348 | D:4      | Learned a level 3 spell: Spider Form
   484 | D:4      | Noticed Herrn's ghost (experienced MiWn)
   660 | D:5      | Entered Level 5 of the Dungeon
   661 | D:5      | Noticed a sky beast
   675 | D:5      | Killed a sky beast
   675 | D:5      | Reached skill level 4 in Transmutations
   675 | D:5      | Reached XP level 4. HP: 21/25 MP: 2/7
   675 | D:5      | Reached XP level 5. HP: 24/29 MP: 2/9
   924 | D:6      | Found a bloodstained altar of Trog.
  1146 | D:7      | Noticed an ogre
  1236 | D:7      | Mangled by an ogre

Action                   |  1- 3 |  4- 6 || total
-------------------------+-------+-------++-------
Melee: Unarmed           |    85 |    44 ||   129
 Cast: Beastly Appendage |     7 |     1 ||     8
       Spider Form       |     1 |     4 ||     5
Evoke: Wand              |     1 |     1 ||     2
  Use: Potion            |     4 |     3 ||     7
 Stab: Paralysed         |     9 |       ||     9

Vault maps used:
D:1:      dpeg_arrival_simpleton_b
D:2:      uniq_terence
D:3:      grunt_temple_overflow_open, elyvilon_altar_4,
          kennysheep_pointless_box, fedhas_altar_3
D:4:      serial_park_square1, led_xom_imps, lemuel_doored_altar
D:5:      minmay_temple_entry_enclosed_plants, first_bread
D:6:      lemuel_slime, lightli_temple_of_fire, serial_undead, serial_undead_b,
          serial_undead_e, serial_undead_b, serial_undead_a
D:7:      nicolae_qazlal_eye_of_the_storm, the_bakery
